 Dungeon Crawl Stone Soup version 0.31-a0-185-g9dded2c639 (webtiles) character file.

Game seed: 13504122794685070591

11988 qw the Markself (level 11, -6/67 HPs)
             Began as a Deep Elf Hunter on June 22, 2023.
             Was an Elder of Okawaru.
             Mangled by a cane toad (9 damage)
             ... on level 1 of the Lair of Beasts.
             The game lasted 00:03:44 (9572 turns).

qw the Markself (Deep Elf Hunter)                   Turns: 9572, Time: 00:03:44

Health: -6/67      AC: 15    Str: 12    XL:     11   Next: 56%
Magic:  16/17      EV: 19    Int: 15    God:    Okawaru [****..]
Gold:   1334       SH:  5    Dex: 18    Spells: 10/10 levels left

rFire   + . .        p - +4 orcbow (heavy)
rCold   . . .        (shield currently unavailable)
rNeg    . . .        k - +0 swamp dragon scales
rPois   +            i - +0 helmet
rElec   .            l - +0 cloak
rCorr   .            h - +0 pair of gloves
SInv    .            a - +0 pair of boots
Will    ++...        d - amulet of reflection
Stlth   +++          g - ring of protection from fire
HPRegen 0.31/turn    c - ring of willpower
MPRegen 0.15/turn

%: reflection
@: lethally poisoned (-6 -> -13), about to teleport, heroic
A: no striking features
a: Renounce Religion, Heroism, Finesse


You were on level 1 of the Lair of Beasts.
You worshipped Okawaru.
Okawaru was greatly pleased with you.
You visited 3 branches of the dungeon, and saw 12 of its levels.
You also visited: Ossuary.

You collected 1334 gold pieces.


   Skills:
 - Level 7.0(12.0) Fighting
 - Level 16.1(21.1) Ranged Weapons
 - Level 5.0(10.0) Armour
 + Level 9.7(14.7) Dodging
 - Level 1.2(6.2) Stealth
 + Level 6.6 Invocations


You had 10 spell levels left.
You didn't know any spells.
Your spell library was empty.

Inventory:

Hand Weapons
 p - a +4 heavy orcbow (weapon)
Armour
 a - a +0 pair of boots (worn)
 h - a +0 pair of gloves (worn)
 i - a +0 helmet (worn)
 k - +0 swamp dragon scales (worn)
 l - a +0 cloak (worn)
Jewellery
 c - a ring of willpower (right hand)
 d - an amulet of reflection (around neck)
 g - a ring of protection from fire (left hand)
 q - a ring of fire
Scrolls
 m - 2 scrolls of brand weapon
 n - 2 scrolls of identify
 r - 5 scrolls of teleportation
 t - a scroll of enchant weapon {unknown}
Potions
 b - 2 potions of haste
 e - a potion of cancellation
 f - 5 potions of might
 j - 7 potions of curing
 o - 5 potions of resistance
 s - 2 potions of enlightenment
 u - a potion of magic
 x - a potion of mutation
 z - a potion of heal wounds

Dungeon Overview and Level Annotations

Branches:
Dungeon (10/15)            Temple (1/1) D:5            Lair (1/5) D:10
Ossuary (visited)
    Orc: D:9-12

Altars:
Ashenzari
Cheibriados
Dithmenos
Elyvilon
Fedhas
Gozag
Hepliaklqana
Kikubaaqudgha
Makhleb
Nemelex Xobeh
Okawaru
Qazlal
Ru
Sif Muna
Trog
Uskayaw
Vehumet
Wu Jian
Xom
Yredelemnul
Zin
The Shining One

Shops:
D:7 *

Portals:
Trove: D:10 (lose all piety)


Message History

Okawaru accepts your kill.
A bullfrog comes into view.
The bullfrog croaks.
The bullfrog moves out of view.
Enter note: A cane toad comes into view.
Enter note:
9565 ||| INVOKING Heroism.
You gain the combat prowess of a mighty hero.
A cane toad comes into view.
You shoot an arrow. The arrow closely misses the cane toad.
The cane toad croaks.
You shoot an arrow. The arrow hits the bullfrog!!
The bullfrog is almost dead.
The bullfrog misses you.
You shoot an arrow. The arrow hits the bullfrog!
You kill the bullfrog!
Okawaru accepts your kill. The cane toad stings you!
You shoot an arrow. The arrow hits the cane toad!
The cane toad is moderately wounded.
The cane toad stings you!
You are poisoned.
The cane toad poisons you!
You shoot an arrow. The arrow hits the cane toad!
The cane toad is severely wounded.
You feel very sick. The cane toad misses you. The cane toad stings you!
You shoot an arrow.
The arrow hits the cane toad but does no damage.
The cane toad is severely wounded.
You feel very sick. The cane toad stings you! x2
The cane toad stings you but does no damage.
9572 ||| READING 6 scrolls of teleportation.
As you read the scroll of teleportation, it crumbles to dust.
You feel strangely unstable.
You feel very sick. The cane toad stings you!
You die...

.#.## >...# .. ... .#
#P..# #.. ..##.
##..########.. ....
#.......}... .# ...
.....#########.##..####.
...#.P# ...........
...#..# ###F#F..#
..#..## #.#.@# .....#
#....# ###### #..#.#
#[.##.. #..# ### #.##
#.# #.# ###.#


You could see 2 cane toads.

Vanquished Creatures
  Erica (D:10)
  A two-headed ogre (D:10)
  An oklob plant (D:10)
  A gargoyle (D:9)
  Maggie (D:6)
  A cane toad (Lair:1)
  A polar bear (Lair:1)
  Grinder (D:6)
  A troll (D:9)
  Prince Ribbit (D:6)
  Sigmund (D:2)
  A wraith (D:10)
  A vampire (D:9)
  15 yaks
  Eustachio (D:6)
  2 steam dragons
  An acid dragon (D:10)
  4 water moccasins
  2 orc warriors
  An ice beast (D:5)
  A sky beast (D:7)
  3 black bears
  A hornet zombie (Ossuary)
  3 wolves (Lair:1)
  3 phantoms
  3 centaurs
  A kobold brigand (D:9)
  6 bullfrogs
  2 gnoll sergeants
  3 wyvern zombies (Ossuary)
  2 water moccasin zombies (Ossuary)
  4 scorpions
  7 wights
  16 killer bees
  2 centaur zombies (Ossuary)
  4 howler monkeys
  5 bullfrog zombies (Ossuary)
  2 hounds
  3 orc priests
  4 jellies
  4 iguanas
  A gnoll bouda (D:8)
  9 orc wizards
  Natasha (twice) (D:2)
  16 mummies
  14 gnolls
  5 adders
  A shadow imp (D:7)
  3 white imps
  An ufetubus (D:5)
  2 worms
  3 dart slugs (D:3)
  35 orcs
  12 endoplasms
  6 giant cockroaches
  7 goblins
  6 hobgoblins
  6 jackals
  A quokka (D:3)
  8 ball pythons
  7 bats
  A frilled lizard (D:1)
  10 kobolds
  7 rats
281 creatures vanquished.

Vanquished Creatures (others)
  An orc wizard (D:10)
1 creature vanquished.

Grand Total: 282 creatures vanquished

Notes
Turn   | Place    | Note
-------+----------+-------------------------------------------
     0 | D:1      | qw the Deep Elf Hunter began the quest for the Orb.
     0 | D:1      | Reached XP level 1. HP: 12/12 MP: 3/3
     0 | D:1      | 0 ||| qw: Version: 0.3-a-9-g12657ce
     0 | D:1      | 0 ||| qw: Game counter: 1667
     0 | D:1      | 0 ||| qw: Always use a shield: true
     0 | D:1      | 0 ||| qw: God list: Okawaru
     0 | D:1      | 0 ||| qw: Allow faded altars: false
     0 | D:1      | 0 ||| qw: Do Orc after D:15 true
     0 | D:1      | 0 ||| qw: Do second Lair branch before Depths: true
     0 | D:1      | 0 ||| qw: Lair rune preference: random
     0 | D:1      | 0 ||| qw: Plans: Normal
     0 | D:1      | 0 ||| PLANNING D:1-11
    51 | D:1      | HP: 2/12 [gnoll/+0 whip (3)]
    53 | D:1      | Reached skill level 6 in Ranged Weapons
    53 | D:1      | Reached XP level 2. HP: 4/16 MP: 4/4
   363 | D:1      | Reached XP level 3. HP: 20/20 MP: 5/5
   414 | D:1      | Found a faded altar of an unknown god.
   767 | D:1      | 767 ||| UPGRADING to +0 pair of gloves.
   772 | D:1      | 772 ||| READING scroll labelled CUUKKY ONAUS.
   773 | D:1      | 773 ||| READING 4 scrolls labelled XUACEI OHIPUS.
   774 | D:1      | 774 ||| READING scroll labelled BUSUMEAVEC.
   774 | D:1      | Identified a scroll of acquirement
   774 | D:1      | 774 ||| ACQUIRING +3 shortbow of flaming
   774 | D:1      | Acquired a +3 shortbow of flaming
   776 | D:1      | 776 ||| SWAPPING to +3 shortbow of flaming.
   777 | D:1      | 777 ||| DROPPING +0 shortbow.
   778 | D:1      | 778 ||| READING scroll labelled ALEOPN EREQ.
   783 | D:1      | 783 ||| DROPPING scroll of butterflies.
   784 | D:1      | 784 ||| DROPPING 3 scrolls of fear.
   880 | D:2      | Reached skill level 7 in Ranged Weapons
   888 | D:2      | Noticed Natasha
   890 | D:2      | Killed Natasha
   891 | D:2      | Reached XP level 4. HP: 25/25 MP: 6/6
  1054 | D:2      | Noticed Sigmund
  1058 | D:2      | Killed Sigmund
  1059 | D:2      | Reached skill level 9 in Ranged Weapons
  1059 | D:2      | Reached XP level 5. HP: 29/29 MP: 7/7
  1335 | D:2      | Reached skill level 3 in Dodging
  1616 | D:2      | 1616 ||| UPGRADING to +2 leather armour of poison
                  | resistance.
  1626 | D:2      | 1626 ||| DROPPING +0 leather armour.
  1627 | D:2      | 1627 ||| READING 2 scrolls labelled LAHOQU ONKYCE.
  1628 | D:2      | 1628 ||| READING scroll labelled CESHRO GA ADOI.
  1629 | D:2      | 1629 ||| DRINKING 2 red potions.
  1630 | D:2      | 1630 ||| DRINKING 2 white potions.
  1631 | D:2      | 1631 ||| DROPPING scroll of amnesia.
  1661 | D:2      | Noticed Natasha
  1665 | D:2      | Killed Natasha
  1666 | D:2      | Reached XP level 6. HP: 35/35 MP: 8/8
  1692 | D:3      | You fall into a shaft and drop 2 floors!
  1692 | D:5      | Entered Level 5 of the Dungeon
  1692 | D:5      | Found an ancient bone altar of Kikubaaqudgha.
  1737 | D:5      | 1737 ||| STAIRDANCE
  1840 | D:3      | Found a hazy altar of Hepliaklqana.
  2058 | D:3      | 2058 ||| READING scroll of acquirement.
  2058 | D:3      | 2058 ||| ACQUIRING +4 heavy orcbow
  2058 | D:3      | Acquired a +4 heavy orcbow
  2060 | D:3      | 2060 ||| SWAPPING to +4 heavy orcbow.
  2061 | D:3      | 2061 ||| DROPPING +3 shortbow of flaming.
  2154 | D:3      | 2154 ||| Stepping ~*~*~tactically~*~*~ (outnumbered).
  2412 | D:3      | 2412 ||| UPGRADING to +0 cloak.
  2417 | D:3      | 2417 ||| READING 3 scrolls labelled WUESUCH ETAI.
  2418 | D:3      | 2418 ||| READING scroll labelled PAFIUG VEAPP.
  2519 | D:3      | 2519 ||| READING 2 scrolls of identify.
  2519 | D:3      | 2519 ||| IDENTIFYING viscous ruby potion
  2587 | D:4      | Reached skill level 10 in Ranged Weapons
  2587 | D:4      | Reached XP level 7. HP: 40/40 MP: 9/9
  2957 | D:4      | 2957 ||| FLEEEEING.
  2958 | D:4      | 2958 ||| FLEEEEING.
  2959 | D:4      | 2959 ||| FLEEEEING.
  2960 | D:4      | 2960 ||| FLEEEEING.
  2961 | D:4      | 2961 ||| FLEEEEING.
  2962 | D:4      | 2962 ||| FLEEEEING.
  2963 | D:4      | 2963 ||| FLEEEEING.
  2964 | D:4      | 2964 ||| FLEEEEING.
  2965 | D:4      | 2965 ||| FLEEEEING.
  2966 | D:4      | 2966 ||| FLEEEEING.
  2967 | D:4      | 2967 ||| FLEEEEING.
  2968 | D:4      | 2968 ||| FLEEEEING.
  2969 | D:4      | 2969 ||| FLEEEEING.
  2970 | D:4      | 2970 ||| FLEEEEING.
  2971 | D:4      | 2971 ||| FLEEEEING.
  2972 | D:4      | 2972 ||| FLEEEEING.
  2973 | D:4      | 2973 ||| FLEEEEING.
  3351 | D:4      | 3351 ||| READING 4 scrolls of identify.
  3351 | D:4      | 3351 ||| IDENTIFYING sapphire potion
  3352 | D:4      | 3352 ||| READING 3 scrolls of identify.
  3352 | D:4      | 3352 ||| IDENTIFYING glowing pink potion
  3353 | D:4      | 3353 ||| READING 2 scrolls of identify.
  3353 | D:4      | 3353 ||| IDENTIFYING purple potion
  3354 | D:4      | 3354 ||| DROPPING potion of lignification.
  3613 | D:5      | Reached skill level 11 in Ranged Weapons
  3614 | D:5      | Identified the +2 robe of the Shining Light {Will+ Int+3}
  3729 | D:5      | Reached skill level 12 in Ranged Weapons
  3729 | D:5      | Reached XP level 8. HP: 45/45 MP: 10/10
  3780 | D:5      | Found a staircase to the Ecumenical Temple.
  3781 | D:5      | 3781 ||| PLANNING TEMPLE
  3781 | D:5      | 3781 ||| DROPPING +2 robe of the Shining Light {Will+
                  | Int+3}.
  3782 | D:5      | 3782 ||| UPGRADING to ring of protection from fire.
  3783 | D:5      | 3783 ||| READING scroll labelled DIS IQOKHUABE.
  3784 | D:5      | 3784 ||| READING scroll labelled UTWEACV SONI.
  3785 | D:5      | 3785 ||| DRINKING 3 inky potions.
  3786 | D:5      | 3786 ||| READING 2 scrolls of identify.
  3786 | D:5      | 3786 ||| IDENTIFYING lumpy sapphire potion
  3787 | D:5      | 3787 ||| DROPPING potion of invisibility.
  3795 | Temple   | Entered the Ecumenical Temple
  3795 | Temple   | Noticed a shadow demon
  3795 | Temple   | Noticed a Hell Sentinel
  3796 | Temple   | Noticed Xoemal the pandemonium lord
  3796 | Temple   | Noticed a rust devil
  3796 | Temple   | Noticed Xies Bing the pandemonium lord
  3796 | Temple   | Noticed an orange demon
  3797 | Temple   | Noticed a cacodemon
  3821 | Temple   | 3821 ||| PLANNING OKAWARU WORSHIP
  3826 | Temple   | Noticed Kure the pandemonium lord
  3827 | Temple   | Noticed a cacodemon
  3844 | Temple   | Noticed Ysydgha the pandemonium lord
  3863 | Temple   | Noticed Pobaciz the pandemonium lord
  3873 | Temple   | Noticed Kiaqiebosh the pandemonium lord
  3873 | Temple   | Noticed an Ice Fiend
  3922 | Temple   | Became a worshipper of Warmaster Okawaru
  3923 | Temple   | 3923 ||| PLANNING D:1-11
  3969 | D:5      | Reached skill level 3 in Fighting
  3992 | D:5      | Reached skill level 1 in Armour
  4059 | D:5      | Found a sparkling altar of Nemelex Xobeh.
  4203 | D:6      | 4203 ||| STAIRDANCE
  4289 | D:6      | HP: 3/46 [orc warrior/+0 halberd (15)]
  4290 | D:6      | 4290 ||| DRINKING potion of heal wounds.
  4292 | D:6      | Reached * piety under Okawaru
  4293 | D:6      | 4293 ||| INVOKING Heroism.
  4295 | D:6      | 4295 ||| FLEEEEING.
  4296 | D:6      | 4296 ||| FLEEEEING.
  4297 | D:6      | 4297 ||| FLEEEEING.
  4298 | D:6      | 4298 ||| FLEEEEING.
  4299 | D:6      | 4299 ||| FLEEEEING.
  4301 | D:6      | 4301 ||| FLEEEEING.
  4302 | D:6      | 4302 ||| FLEEEEING.
  4303 | D:6      | 4303 ||| FLEEEEING.
  4304 | D:6      | 4304 ||| FLEEEEING.
  4305 | D:6      | 4305 ||| FLEEEEING.
  4306 | D:6      | 4306 ||| FLEEEEING.
  4307 | D:6      | 4307 ||| STAIRDANCE
  4495 | D:6      | Noticed Eustachio
  4512 | D:6      | Killed Eustachio
  4513 | D:6      | Reached skill level 13 in Ranged Weapons
  4515 | D:6      | 4515 ||| FLEEEEING.
  4523 | D:6      | 4523 ||| FLEEEEING.
  4524 | D:6      | 4524 ||| FLEEEEING.
  4525 | D:6      | 4525 ||| FLEEEEING.
  4526 | D:6      | 4526 ||| FLEEEEING.
  4527 | D:6      | 4527 ||| FLEEEEING.
  4528 | D:6      | 4528 ||| FLEEEEING.
  4529 | D:6      | 4529 ||| FLEEEEING.
  4530 | D:6      | 4530 ||| FLEEEEING.
  4531 | D:6      | 4531 ||| FLEEEEING.
  4532 | D:6      | 4532 ||| FLEEEEING.
  4533 | D:6      | 4533 ||| FLEEEEING.
  4536 | D:6      | 4536 ||| STAIRDANCE
  4754 | D:6      | Noticed Prince Ribbit
  4756 | D:6      | Noticed Maggie
  4757 | D:6      | Killed Prince Ribbit
  4760 | D:6      | 4760 ||| INVOKING Heroism.
  4764 | D:6      | Killed Maggie
  4765 | D:6      | Reached skill level 14 in Ranged Weapons
  4765 | D:6      | Reached XP level 9. HP: 35/50 MP: 8/11
  4912 | D:6      | Found a shadowy altar of Dithmenos.
  5016 | D:6      | Reached skill level 1 in Invocations
  5046 | D:6      | Noticed Grinder
  5047 | D:6      | 5047 ||| INVOKING Heroism.
  5049 | D:6      | Killed Grinder
  5050 | D:6      | Reached skill level 6 in Dodging
  5303 | D:6      | 5303 ||| DROPPING +0 ring mail.
  5304 | D:6      | 5304 ||| UPGRADING to +0 helmet.
  5309 | D:6      | 5309 ||| UPGRADING to +0 swamp dragon scales.
  5319 | D:6      | 5319 ||| DROPPING +2 leather armour of poison resistance.
  5320 | D:6      | 5320 ||| UPGRADING to ring of willpower.
  5405 | D:7      | Reached ** piety under Okawaru
  5406 | D:7      | Reached skill level 3 in Invocations
  5602 | D:7      | Found Giamenel's Overcharged Wands.
  5614 | D:7      | 5614 ||| SHOPLISTING wand of digging (11) (693 gold, have
                  | 439).
  5727 | D:7      | 5727 ||| INVOKING Heroism.
  5756 | D:7      | 5756 ||| INVOKING Heroism.
  5774 | D:7      | 5774 ||| INVOKING Heroism.
  5781 | D:7      | Reached skill level 15 in Ranged Weapons
  5802 | D:7      | 5802 ||| INVOKING Heroism.
  5830 | D:7      | 5830 ||| INVOKING Heroism.
  5947 | D:7      | Found a sacrificial altar of Ru.
  6022 | D:7      | 6022 ||| UPGRADING to amulet of regeneration.
  6027 | D:7      | 6027 ||| READING scroll labelled UCSAHIAFFO.
  6028 | D:7      | 6028 ||| READING 2 scrolls of identify.
  6028 | D:7      | 6028 ||| IDENTIFYING bubbling purple potion
  6029 | D:7      | 6029 ||| DROPPING potion of ambrosia.
  6065 | D:8      | 6065 ||| PLANNING OSSUARY
  6076 | D:8      | 6076 ||| INVOKING Heroism.
  6099 | D:8      | 6099 ||| READING scroll of acquirement.
  6099 | D:8      | 6099 ||| ACQUIRING 710 gold pieces
  6099 | D:8      | Acquired 710 gold pieces
  6141 | D:8      | Found a broken altar of Ashenzari.
  6268 | D:8      | Reached XP level 10. HP: 56/56 MP: 15/15
  6272 | D:8      | Reached skill level 16 in Ranged Weapons
  6496 | D:8      | Found a sand-covered staircase.
  6501 | D:8      | 6501 ||| UPGRADING to amulet of reflection.
  6511 | D:8      | 6511 ||| DROPPING amulet of regeneration.
  6512 | D:8      | 6512 ||| READING 4 scrolls of identify.
  6512 | D:8      | 6512 ||| IDENTIFYING lumpy orange potion
  6513 | D:8      | 6513 ||| READING 3 scrolls of identify.
  6513 | D:8      | 6513 ||| IDENTIFYING lumpy blue potion
  6519 | Ossuary  | Entered an ossuary
  6532 | Ossuary  | 6532 ||| FLEEEEING.
  6541 | Ossuary  | 6541 ||| INVOKING Heroism.
  6549 | Ossuary  | Reached skill level 3 in Armour
  6644 | Ossuary  | 6644 ||| Stepping ~*~*~tactically~*~*~ (water).
  6668 | Ossuary  | 6668 ||| Stepping ~*~*~tactically~*~*~ (water).
  6681 | Ossuary  | 6681 ||| Stepping ~*~*~tactically~*~*~ (water).
  6716 | Ossuary  | 6716 ||| Stepping ~*~*~tactically~*~*~ (water).
  6872 | Ossuary  | 6872 ||| READING 2 scrolls labelled DICZEGH LYAR.
  6873 | Ossuary  | 6873 ||| READING scroll labelled YVVEDE ETUXI.
  6874 | Ossuary  | 6874 ||| READING 4 scrolls of identify.
  6874 | Ossuary  | 6874 ||| IDENTIFYING brown potion
  6875 | Ossuary  | 6875 ||| READING 3 scrolls of identify.
  6875 | Ossuary  | 6875 ||| IDENTIFYING bubbling pink potion
  6876 | Ossuary  | 6876 ||| READING 2 scrolls of identify.
  6876 | Ossuary  | 6876 ||| IDENTIFYING puce potion
  6877 | Ossuary  | 6877 ||| DROPPING scroll of immolation.
  6878 | Ossuary  | 6878 ||| DROPPING potion of degeneration.
  6879 | Ossuary  | 6879 ||| DROPPING potion of attraction.
  6908 | D:8      | 6908 ||| PLANNING D:1-11
  7069 | D:8      | 7069 ||| INVOKING Heroism.
  7070 | D:8      | 7070 ||| Stepping ~*~*~tactically~*~*~ (outnumbered).
  7171 | D:8      | 7171 ||| READING scroll labelled OZUERE XUMO WEU.
  7207 | D:9      | 7207 ||| INVOKING Heroism.
  7292 | D:9      | Found a radiant altar of Vehumet.
  7292 | D:9      | Found a glowing silver altar of Zin.
  7292 | D:9      | Found a burning altar of Makhleb.
  7292 | D:9      | Found a shimmering blue altar of Sif Muna.
  7318 | D:9      | Found an ornate altar of the Wu Jian Council.
  7453 | D:9      | 7453 ||| INVOKING Heroism.
  7563 | D:9      | 7563 ||| Stepping ~*~*~tactically~*~*~ (outnumbered).
  7602 | D:9      | 7602 ||| INVOKING Heroism.
  7612 | D:9      | Reached *** piety under Okawaru
  7695 | D:9      | Found a stormy altar of Qazlal.
  7818 | D:9      | Reached skill level 6 in Fighting
  7950 | D:9      | 7950 ||| UPGRADING to +0 pair of boots.
  7955 | D:9      | 7955 ||| READING scroll labelled KUPRIC CYETUOG.
  8051 | D:9      | 8051 ||| READING 2 scrolls of identify.
  8051 | D:9      | 8051 ||| IDENTIFYING viscous blue potion
  8052 | D:9      | 8052 ||| DROPPING potion of brilliance.
  8057 | D:10     | Entered Level 10 of the Dungeon
  8057 | D:10     | Noticed a gargoyle
  8060 | D:10     | 8060 ||| STAIRDANCE
  8112 | D:10     | 8112 ||| STAIRDANCE
  8114 | D:9      | 8114 ||| INVOKING Heroism.
  8115 | D:9      | Killed a gargoyle
  8116 | D:9      | Reached skill level 9 in Dodging
  8199 | D:10     | 8199 ||| STAIRDANCE
  8203 | D:9      | 8203 ||| INVOKING Heroism.
  8207 | D:9      | Reached XP level 11. HP: 36/61 MP: 13/16
  8315 | D:10     | Found a staircase to the Lair.
  8385 | D:10     | Noticed a two-headed ogre
  8386 | D:10     | 8386 ||| INVOKING Heroism.
  8391 | D:10     | Killed a two-headed ogre
  8391 | D:10     | Reached **** piety under Okawaru
  8475 | D:10     | 8475 ||| Stepping ~*~*~tactically~*~*~ (outnumbered).
  8477 | D:10     | 8477 ||| Stepping ~*~*~tactically~*~*~ (outnumbered).
  8479 | D:10     | 8479 ||| Stepping ~*~*~tactically~*~*~ (outnumbered).
  8530 | D:10     | Identified the +3 scale mail of Noitz {rN+ Str+3 Dex-4}
  8599 | D:10     | Noticed Erica
  8600 | D:10     | 8600 ||| INVOKING Heroism.
  8607 | D:10     | Killed Erica
  8862 | D:10     | Found a portal to a secret trove of treasure.
  8990 | D:10     | Found a blossoming altar of Fedhas.
  9005 | D:10     | Noticed an oklob plant
  9006 | D:10     | 9006 ||| INVOKING Heroism.
  9013 | D:10     | Killed an oklob plant
  9190 | D:10     | 9190 ||| PLANNING LAIR
  9190 | D:10     | 9190 ||| DROPPING +3 scale mail of Noitz {rN+ Str+3 Dex-4}.
  9265 | Lair:1   | Entered Level 1 of the Lair of Beasts
  9266 | Lair:1   | 9266 ||| INVOKING Heroism.
  9281 | Lair:1   | Reached skill level 6 in Invocations
  9386 | Lair:1   | 9386 ||| INVOKING Heroism.
  9399 | Lair:1   | 9399 ||| INVOKING Heroism.
  9565 | Lair:1   | 9565 ||| INVOKING Heroism.
  9571 | Lair:1   | HP: 6/67 [cane toad (12)]
  9572 | Lair:1   | 9572 ||| READING 6 scrolls of teleportation.
  9572 | Lair:1   | Mangled by a cane toad

Levels and vault maps discovered:
D:1:      amcnicky_arrival_double_pillar, layout_basic,
          chequers_ecumenical_altar_island
D:2:      layout_loops_corners, nicolae_elevator_lobby_plus, uniq_sigmund,
          uniq_natasha
D:3:      layout_loops_cross, mainiacjoe_overflow_paths, nicolae_eternal_life
D:4:      layout_basic, nicolae_underground_beach
D:5:      layout_loops_cross, mainiacjoe_overflow_cross_hatched,
          nemelex_diamond_rough_becter, minmay_temple_entry_overgrown,
          kennysheep_opposing_triangles
D:6:      layout_loops_ring, grunt_dithmenos_smoke, kennysheep_potato,
          uniq_eustachio, uniq_maggie, uniq_grinder, uniq_prince_ribbit1
D:7:      layout_basic, mainiacjoe_overflow_catwalk,
          nicolae_shop_overcharged_wands
D:8:      layout_loops_cross, cheibrodos_ashenzari_chains,
          gup_ossuary_entry_pyramid
D:9:      layout_roguey, nicolae_qazlal_eye_of_the_storm,
          nzn_wu_jian_contemplation, chequers_temple_overflow_statue_of_worship,
          nicolae_titane
D:10:     layout_irregular_city, tgw_fedhas, due_lair_maze_entry_diamond,
          nicolae_trove_entry_columns, uniq_erica
Temple:   nicolae_temple_panitentiary
Lair:1:   layout_loops_ring, beast_lair_carwin_8, infiniplex_staircase_pool

Skill      XL: |  1  2  3  4  5  6  7  8  9 10 11 |
---------------+----------------------------------+-----
Ranged Weapons | 6 7 9 10 12 14 15 16 | 16.1
Dodging        | 3 4 5 6 9 |  9.7
Fighting       | 2 3 4 6 7 |  7.0
Armour         | 1 2 4 5 |  5.0
Invocations    | 4 6 |  6.6
Stealth        | |  1.2

Action                     |  1- 3 |  4- 6 |  7- 9 | 10-12 || total
---------------------------+-------+-------+-------+-------++-------
   Fire: Shortbow          |    77 |    72 |       |       ||   149
         Orcbow            |       |    19 |   225 |   320 ||   564
 Invoke: Heroism           |       |       |     9 |    14 ||    23
    Use: Scroll            |     4 |     6 |     9 |    11 ||    30
         Potion            |       |     2 |     2 |       ||     4
 Armour: Leather armour    |     3 |     3 |     8 |       ||    14
         Swamp dragon scal |       |       |    15 |    63 ||    78
  Dodge: Dodged            |    17 |     2 |    75 |   157 ||   251
  Block: Other             |       |       |       |    40 ||    40
         Reflection        |       |       |       |     1 ||     1

Table legend:
 A = Non-vault XP
 B = Vault XP
 C = Vault XP percentage of total XP
 D = Non-vault monster count
 E = Vault monster count
 F = Vault count percentage of total count
                 A         B        C        D         E       F
            +---------+---------+-------+---------+---------+-------
      Total |   11974 |    5152 |  30.1 |     233 |      49 |  17.4
            +---------+---------+-------+---------+---------+-------
        D:1 |      55 |       0 |   0.0 |      27 |       0 |   0.0
        D:2 |      86 |     267 |  75.6 |      17 |       2 |  10.5
        D:3 |     117 |       0 |   0.0 |      27 |       0 |   0.0
        D:4 |     246 |       0 |   0.0 |      19 |       0 |   0.0
        D:5 |     767 |     172 |  18.3 |      16 |       4 |  20.0
        D:6 |     799 |    1126 |  58.5 |      19 |       4 |  17.4
        D:7 |    1050 |       0 |   0.0 |      27 |       0 |   0.0
        D:8 |    1682 |      18 |   1.1 |      24 |       1 |   4.0
        D:9 |    2967 |     402 |  11.9 |      27 |       4 |  12.9
       D:10 |    2238 |    1880 |  45.7 |      18 |       6 |  25.0
     Lair:1 |    1967 |       0 |   0.0 |      12 |       0 |   0.0
    Ossuary |       0 |    1287 | 100.0 |       0 |      28 | 100.0
            +---------+---------+-------+---------+---------+-------
